 Dungeon Crawl Stone Soup version 0.31-a0-354-g827e0957a7 (webtiles) character file.

Game seed: 5490761112504655905

1 GordonOverkill the Sneak (level 1, 0/17 HPs)
             Began as a Vampire Delver on July 24, 2023.
             Slain by an elf zombie (6 damage)
             ... on level 6 of the Dungeon.
             The game lasted 00:00:49 (107 turns).

GordonOverkill the Sneak (Vampire Delver)            Turns: 107, Time: 00:00:50

Health: 0/17       AC:  3    Str: 11    XL:     1   Next: 16%
Magic:  1/1        EV: 12    Int: 12    God:
Gold:   19         SH:  0    Dex: 15    Spells: 0/0 levels left

rFire   . . .        a - +0 short sword
rCold   . . .        (no shield)
rNeg    . . .        b - +0 leather armour
rPois   .            (no helmet)
rElec   .            (no cloak)
rCorr   .            (no gloves)
SInv    +            (no boots)
Will    .....        (no amulet)
Stlth   +++          (no ring)
HPRegen 0.42/turn    (no ring)
MPRegen 0.07/turn

%: no passive effects
@: healing quickly
A: alive, fangs 3, see invisible, vampiric 1
a: Exsanguinate


You were on level 6 of the Dungeon.
You visited 1 branch of the dungeon, and saw 2 of its levels.

You collected 19 gold pieces.

Inventory:

Hand Weapons
 a - a +0 short sword (weapon)
Missiles
 h - 3 poisoned darts
Armour
 b - a +0 leather armour (worn)
Wands
 g - a wand of digging (3)
Scrolls
 c - a scroll of fog
 d - a scroll of revelation
 e - a scroll of fear
 i - a scroll of identify {unknown}
Potions
 f - a potion of haste


   Skills:
 - Level 2.6 Fighting
 + Level 2.2 Short Blades
 + Level 0.1 Throwing
 - Level 2.1 Dodging
 - Level 7.2 Stealth


You couldn't memorise any spells.
You didn't know any spells.
Your spell library was empty.

Dungeon Overview and Level Annotations

Branches:
Dungeon (6/15)
 Temple: D:4-7

Altars:

Annotations:
D:6 Sigmund


Innate Abilities, Weirdness & Mutations

Your natural rate of healing is accelerated.
You have razor-sharp teeth.
You have supernaturally acute eyesight. (SInv)
You are afflicted with vampirism.


Message History

The elf zombie hits you.
You hit the elf zombie but do no damage.
Your bite misses the elf zombie.
The elf zombie is moderately damaged.
The elf zombie closely misses you.
You are too injured to fight recklessly!
You barely miss the elf zombie.
The elf zombie is moderately damaged.
The elf zombie hits you.
* * * LOW HITPOINT WARNING * * *
You hit the elf zombie.
The elf zombie is moderately damaged.
You hit the elf zombie.
The elf zombie is heavily damaged.
The elf zombie hits you!
* * * LOW HITPOINT WARNING * * *
There is an open door here.
You hear the slow hiss of an avalanche of sand.
You hit the elf zombie.
The elf zombie is heavily damaged.
You barely miss the elf zombie.
The elf zombie is heavily damaged.
The elf zombie hits you.
* * * LOW HITPOINT WARNING * * *
You barely miss the elf zombie.
The elf zombie is heavily damaged.
The elf zombie hits you.
* * * LOW HITPOINT WARNING * * *
You hit the elf zombie.
The elf zombie is heavily damaged.
You hit the elf zombie. You bite the elf zombie.
The elf zombie is heavily damaged.
The elf zombie completely misses you.
You closely miss the elf zombie.
The elf zombie is heavily damaged.
The elf zombie hits you but does no damage.
You hit the elf zombie.
The elf zombie is severely damaged.
The elf zombie hits you.
You die...

# .. ##.# ####...#
#######.......
#........#
#+###@#####..####.#
#...Z.##..........#
########.##.#######
#...#.#..#
##......##
#......## ##<##..##
..#####.†##...#
........###.....


You could see an elf zombie.

Vanquished Creatures
  A jackal (D:6)
1 creature vanquished.

Notes
Turn   | Place    | Note
-------+----------+-------------------------------------------
     0 | D:5      | GordonOverkill the Vampire Delver began the quest for the
                  | Orb.
     0 | D:5      | Reached XP level 1. HP: 17/17 MP: 1/1
    66 | D:6      | Noticed Sigmund
   107 | D:6      | Slain by an elf zombie

Illustrated notes

Levels and vault maps discovered:
D:5:      layout_cave_pools, minmay_temple_entry_mini_moons, serial_shops, shop,
          grunt_decor_one_mirror, uniq_pikel
D:6:      layout_rooms, nicolae_ossuary_entry_catacombs, uniq_grinder,
          uniq_sigmund

Action                     || total
---------------------------++-------
  Melee: Short sword       ||    27
         Bite              ||     1
   Stab: Sleeping          ||     1
 Armour: Leather armour    ||     7
  Dodge: Dodged            ||    18

Table legend: (Time is in decaauts)
 A = Elapsed time spent in this place.
 B = Non-inter-level travel time spent in this place.
 C = Inter-level travel time spent in this place.
 D = Time resting spent in this place.
 E = Time spent auto-exploring this place.
 F = Levels seen in this place.
 G = Mean time per level.
                   A        B        C        D        E       F      G
               +--------+--------+--------+--------+--------+-----+--------+
         Total |    103 |    103 |      0 |      3 |      0 |   2 |   51.5 |
       Dungeon |    103 |    103 |      0 |      3 |      0 |   2 |   51.5 |
               +--------+--------+--------+--------+--------+-----+--------+

Top non-repeatable levels by time:
     D:6: 55 daAuts
     D:5: 48 daAuts
